 Dungeon Crawl Stone Soup version 0.24-a0-613-g1ff6aac (webtiles) character file.

Game seed: 16157029786958270328, levelgen mode: deterministic

187 GrazedDisgrace the Poker (level 5, -2/41 HPs)
             Began as a Demonspawn Gladiator on Sept 10, 2019.
             Slain by a white imp (5 damage)
             ... summoned by Natasha
             ... on level 4 of the Dungeon.
             The game lasted 00:29:02 (2339 turns).

GrazedDisgrace the Poker (Demonspawn Gladiator)     Turns: 2339, Time: 00:29:04

Health: -2/41      AC:  0    Str: 15    XL:     5   Next: 39%
Magic:  5/5        EV: 16    Int: 10    God:
Gold:   152        SH:  0    Dex: 14    Spells: 4/4 levels left

rFire    . . .     SeeInvis .   (weapon currently unavailable)
rCold    . . .     Gourm    .   (shield currently unavailable)
rNeg     . . .     Faith    .   (armour currently unavailable)
rPois    .         Spirit   .   (helmet currently unavailable)
rElec    .         Reflect  .   (cloak currently unavailable)
rCorr    .         Harm     .   (gloves currently unavailable)
MR       .....                  (boots currently unavailable)
Stlth    +.........             a - amulet of magic regeneration
HPRegen  0.13/turn              (ring currently unavailable)
MPRegen  0.34/turn              (ring currently unavailable)

@: pig-form (expiring), slowed
A: small
a: no special abilities


You were on level 4 of the Dungeon.
You were not hungry.
You were a filthy swine.
You visited 1 branch of the dungeon, and saw 4 of its levels.

You collected 152 gold pieces.

Inventory:

Hand Weapons
 m - a +2 trident of protection (melded)
Missiles
 d - a throwing net (quivered)
Armour
 c - a +0 helmet (melded)
 k - a +0 pair of boots (melded)
 l - a +0 cloak (melded)
 n - a +0 scale mail (melded)
Jewellery
 a - an amulet of magic regeneration (around neck)
Wands
 o - a wand of scattershot (5)
Scrolls
 e - a scroll of blinking {unknown}
 g - 4 scrolls of teleportation {unknown}
 h - 2 scrolls of remove curse {unknown}
 q - a scroll of enchant armour {unknown}
Potions
 b - 3 potions of curing
 i - 2 potions of invisibility {unknown}
Comestibles
 f - 8 rations


   Skills:
 + Level 3.1 Fighting
 + Level 3.7 Polearms
 + Level 2.9 Throwing
 + Level 3.6 Dodging


You had 4 spell levels left.
You didn't know any spells.
Your spell library was empty.

Dungeon Overview and Level Annotations

Branches:
Dungeon (4/15)
 Temple: D:4-7

Altars:
Ashenzari
Elyvilon
Fedhas

Annotations:
D:4 2 transporters, Natasha; Nithhogg's ghost, novice MiFi


Innate Abilities, Weirdness & Mutations

((You have sharp fingernails.))
((You are partially covered in molten scales. (AC +2)))


Message History

The shadow imp misses you. The white imp gestures at you.
The puff of frost misses you. Natasha casts a spell at you.
The magic dart hits you!
You closely miss Natasha.
Natasha is heavily wounded.
Your transformation is almost over.
The jackal misses you. The shadow imp misses you. Natasha misses you.
The shadow imp hits you. The jackal bites you. The shadow imp gestures at you.
You barely resist. You hit Natasha.
Natasha is severely wounded.
The jackal misses you. The shadow imp hits you. Natasha claws you!
* * * LOW HITPOINT WARNING * * *
The white imp hits you.
* * * LOW HITPOINT WARNING * * *
The white imp freezes you.
You die...

#.......##... #.#..
....#.# #.#.# #.#.#.#
###### #######.#.###.#.#.#
#.....
#.............#.#.###.####
#.#####...##........(.#
#.# #...###.#.....###
#.#####.5h###.#....##
#.##....5hhh....#.##
#.##.###5########.#
#.##.###.# #.# #........#
##'## ####.##### ##...##
#.#### ##.....## #.##.##
##.......## #
#.#...####.........####
#........'.........'...


You could see Natasha, a white imp, 2 shadow imps and 2 jackals.

Vanquished Creatures
  Jessica (D:2)
  Terence (D:2)
  Natasha (twice) (D:4)
  An adder (D:2)
  An adder skeleton (D:4)
  A worm (D:2)
  2 dart slugs
  2 leopard geckos
  A ball python (D:4)
  3 giant cockroaches
  10 goblins
  11 hobgoblins
  A jackal (D:4)
  8 bats
  5 frilled lizards
  10 kobolds
  7 rats
67 creatures vanquished.

Notes
Turn   | Place    | Note
-------+----------+-------------------------------------------
     0 | D:1      | GrazedDisgrace the Demonspawn Gladiator began the quest for
                  | the Orb.
     0 | D:1      | Reached XP level 1. HP: 16/16 MP: 1/1
   284 | D:1      | Gained mutation: You have sharp fingernails. [demonic
                  | ancestry]
   284 | D:1      | Reached XP level 2. HP: 18/22 MP: 2/2
   736 | D:1      | Reached XP level 3. HP: 27/27 MP: 3/3
   905 | D:2      | Noticed Jessica
   915 | D:2      | Killed Jessica
   976 | D:2      | Reached XP level 4. HP: 34/34 MP: 4/4
  1039 | D:2      | Noticed Terence
  1060 | D:2      | Killed Terence
  1238 | D:2      | Found a white marble altar of Elyvilon.
  1590 | D:3      | Found a shattered altar of Ashenzari.
  1970 | D:4      | Found a blossoming altar of Fedhas.
  2038 | D:4      | Found a transporter.
  2038 | D:4      | Noticed Nithhogg's ghost (novice MiFi)
  2044 | D:4      | Found a transporter.
  2126 | D:4      | Noticed Natasha
  2134 | D:4      | Killed Natasha
  2134 | D:4      | Gained mutation: You are partially covered in molten
                  | scales. (AC +2) [demonic ancestry]
  2134 | D:4      | Reached XP level 5. HP: 41/41 MP: 5/5
  2241 | D:4      | Noticed Natasha
  2247 | D:4      | Killed Natasha
  2325 | D:4      | Noticed Natasha
  2339 | D:4      | Slain by a white imp

Levels and vault maps discovered:
D:1:      elethiomel_arrival_quiet, layout_basic, minmay_unequal
D:2:      layout_loops_ring, elyvilon_altar_5, minmay_pentomino_x2,
          uniq_jessica, uniq_terence
D:3:      layout_basic, ashenzari_altar_1, first_ration
D:4:      layout_loops_corners, fedhas_altar_3, gammafunk_ghost_arena,
          hangedman_abyss_or_decor_passed, uniq_natasha

Skill      XL: |  1  2  3  4 |
---------------+-------------+-----
Throwing       | 2 |  2.9
Polearms       | 3 |  3.7
Dodging        | 3 |  3.6
Fighting       | 3 |  3.1

Action                   |  1- 3 |  4- 6 || total
-------------------------+-------+-------++-------
Melee: Trident           |    99 |    93 ||   192
       Unarmed           |       |    11 ||    11
Throw: Throwing net      |     2 |     1 ||     3
  Use: Scroll            |     5 |     2 ||     7
       Potion            |     1 |       ||     1
 Stab: Sleeping          |     1 |       ||     1
  Eat: Chunk             |       |     5 ||     5
Armor: Leather armour    |    18 |     2 ||    20
       Scale mail        |       |    18 ||    18
Dodge: Dodged            |    43 |    52 ||    95

Table legend:
 A = Non-vault XP
 B = Vault XP
 C = Vault XP percentage of total XP
 D = Non-vault monster count
 E = Vault monster count
 F = Vault count percentage of total count
                 A         B        C        D         E       F
            +---------+---------+-------+---------+---------+-------
      Total |     148 |     120 |  44.8 |      58 |       9 |  13.4
            +---------+---------+-------+---------+---------+-------
        D:1 |      38 |      10 |  20.8 |      23 |       5 |  17.9
        D:2 |      48 |      75 |  61.0 |      21 |       3 |  12.5
        D:3 |      12 |       0 |   0.0 |       7 |       0 |   0.0
        D:4 |      50 |      35 |  41.2 |       7 |       1 |  12.5
            +---------+---------+-------+---------+---------+-------
